 Dungeon Crawl Stone Soup version 0.19-a0-36-g4a0968a (webtiles) character file.

25 ololoev the Magician (level 2, 0/15 HPs)
             Began as a Deep Elf Fire Elementalist on May 4, 2016.
             Engulfed by a cloud of steam (15 damage)
             ... on level 1 of the Dungeon.
             The game lasted 00:01:52 (710 turns).

ololoev the Magician (Deep Elf Fire Elementalist)    Turns: 710, Time: 00:01:53

Health: 0/15       AC:  2    Str:  5    XL:     2   Next: 86%
Magic:  6/8        EV: 13    Int: 19    God:
Gold:   38         SH:  0    Dex: 15    Spells: 1 memorised, 7 levels left

rFire  . . .     SeeInvis .     (no weapon)
rCold  . . .     Gourm    .     a - +0 robe
rNeg   . . .     Faith    .     (no shield)
rPois  .         Spirit   .     (no helmet)
rElec  .         Dismiss  .     (no cloak)
rCorr  .         Reflect  .     (no gloves)
SustAt .         Harm     .     (no boots)
MR     .....                    (no amulet)
Stlth  +.........               (no ring)
                                (no ring)

@: not resistant to hostile enchantments, very unstealthy
A: no striking features
a: no special abilities

Inventory:

Armour
 a - a +0 robe (worn)
Scrolls
 e - 4 scrolls of identify {unknown}
 g - a scroll of immolation {unknown}
Potions
 d - a potion of agility {unknown}
 f - 2 potions of curing {unknown}
 h - a potion of haste {unknown}
Books
 b - a book of Flames

   Spells                             Type                      Level
   a - Flame Tongue                   Conjuration/Fire             1
   b - Throw Flame                    Conjuration/Fire             2
   c - Conjure Flame                  Conjuration/Fire             3
   d - Inner Flame                    Hexes/Fire                   3
   e - Sticky Flame                   Conjuration/Fire             4
   f - Fireball                       Conjuration/Fire             5
Comestibles
 c - a bread ration
 i - 2 chunks of flesh


   Skills:
 - Level 2.4 Dodging
 - Level 2.4 Stealth
 * Level 3.8 Spellcasting
 * Level 1.8 Conjurations
 * Level 3.7 Fire Magic


You had 7 spell levels left.
You knew the following spells:

 Your Spells              Type           Power        Failure   Level  Hunger
a - Flame Tongue          Conj/Fire      ##...        6%          1    None


You were on level 1 of the Dungeon.
You were not hungry.

You visited 1 branch of the dungeon, and saw 1 of its levels.

You collected 38 gold pieces.

≈≈#....#≈≈≈≈≈≈≈≈≈≈≈≈≈P≈
♣.......♣≈≈≈≈≈≈≈≈≈≈≈♣≈♣
♣###.##.≈♣≈≈≈≈≈≈≈≈≈≈≈≈
≈#
#.##.≈♣♣≈≈≈≈≈≈≈≈≈P♣♣#
##
#.###♣≈≈P≈≈≈≈≈≈≈≈P≈≈#
####.# #≈≈≈≈≈≈≈≈≈≈≈≈♣
.....# #♣≈≈≈≈≈≈≈≈†≈≈♣
###### #≈≈≈≈♣≈P≈≈P≈♣♣##
♣≈≈≈P≈≈@PPP♣≈.#
#♣≈P≈≈≈≈≈≈≈≈♣.#
#####≈≈≈♣≈≈≈≈≈♣♣#.#
#.....♣≈≈P≈≈≈P♣.#.#
##..###.P≈≈♣≈P♣≈#.>#
##...###.♣P≈≈≈♣≈#.#.#
#.....##.#≈≈♣♣♣..##.#
#P....#...#≈♣♣...##.#
##♣..♣≈P.#.#...#.##.#.#

Notes
Turn   | Place    | Note
--------------------------------------------------------------
     0 | D:1      | ololoev the Deep Elf Fire Elementalist began the quest for the Orb.
     0 | D:1      | Reached XP level 1. HP: 10/10 MP: 6/6
   265 | D:1      | Reached XP level 2. HP: 15/15 MP: 6/8
   326 | D:1      | oplop: DEFE сомтрит как ololoev играет за DEFE
   710 | D:1      | Engulfed by a cloud of steam

Dungeon Overview and Level Annotations

Branches:
Dungeon (1/15)

Altars:


Message History

Casting: Flame Tongue
Confirm with . or Enter, or press ? or * to list all spells.
Aiming: Flame Tongue
Press: ? - help, Shift-Dir - straight line, f/p - rat
Aim: a rat (severely wounded)
The flame tongue hits the rat.
You kill the rat!
The rat bites you but does no damage.
Casting: Flame Tongue
Confirm with . or Enter, or press ? or * to list all spells.
Aiming: Flame Tongue
Press: ? - help, Shift-Dir - straight line, f - rat
Aim: a rat The flame tongue hits the rat.
You kill the rat!
Casting: Flame Tongue
Confirm with . or Enter, or press ? or * to list all spells.
You can't see any susceptible monsters within range! (Use Z to cast anyway.)
You start resting.
Your magical contamination has completely faded away.
e - 2 scrolls labeled YWEUTR FIOFF (gained 1)
i - 2 chunks of flesh (gained 1)
i - 3 chunks of flesh (gained 1)
You see here a rat skeleton.
You see here a stone.
e - 3 scrolls labeled YWEUTR FIOFF (gained 1) Magic restored.
HP restored.
You see here a club.
A rat comes into view.
A rat is nearby!
A rat is nearby!
A rat is nearby!
Casting: Flame Tongue
Confirm with . or Enter, or press ? or * to list all spells.
Aiming: Flame Tongue
Press: ? - help, Shift-Dir - straight line, f - rat
Aim: a rat (hasn't noticed you)
You feel a bit more experienced.
Some of the chunks of flesh in your inventory have rotted away.
e - 4 scrolls labeled YWEUTR FIOFF (gained 1)
Found a stone staircase leading down.
You enter the shallow water.
Moving in this stuff is going to be slow.
A goblin comes into view.
A goblin is nearby!
A goblin is nearby!
The goblin shouts!
Casting: Flame Tongue
Confirm with . or Enter, or press ? or * to list all spells.
Aiming: Flame Tongue
Press: ? - help, Shift-Dir - straight line, f - goblin
Aim: a goblin The flame tongue hits the goblin.
The goblin is moderately wounded.
The goblin is engulfed in a cloud of scalding steam.
Casting: Flame Tongue
Confirm with . or Enter, or press ? or * to list all spells.
Aiming: Flame Tongue
Press: ? - help, Shift-Dir - straight line, f/p - goblin
Aim: a goblin (severely wounded)
Your line of fire to the goblin is blocked by a plant.
Continue anyway?
The flame tongue hits the plant.
The plant is lightly damaged.
The plant is engulfed in a cloud of scalding steam.
Casting: Flame Tongue
Confirm with . or Enter, or press ? or * to list all spells.
Aiming: Flame Tongue
Press: ? - help, Shift-Dir - straight line, f/p - goblin
Aim: a goblin (steam, severely wounded)
You feel a bit more experienced.
The plant is engulfed in a cloud of scalding steam. x2
You start resting.
The plant is engulfed in a cloud of scalding steam. x2
Really walk into that cloud of steam? [Y]es or [N]o only, please.
Really walk into that cloud of steam?
You are engulfed in a cloud of scalding steam.
Ouch! That really hurt!
You die...

There were no monsters in sight!

Vanquished Creatures
  A dart slug (D:1)
  A giant gecko (D:1)
  A giant cockroach (D:1)
  3 goblins (D:1)
  3 hobgoblins (D:1)
  16 rats (D:1)
  A plant (D:1)
26 creatures vanquished.

Action                   || total
-------------------------++-------
 Cast: Flame Tongue      ||    38
Armor: Robe              ||     2
Dodge: Dodged            ||     1

Vault maps used:
D:1:      erik_arrival_orb_chamber, serial_bayou, serial_bayou_pond_a,
          serial_bayou_ford_a, serial_bayou_lake_a, serial_bayou_lagoon_b,
          serial_bayou_crossing
